cohdb
Replays
Latest Replays
All Replays
Popular Replays
Top Player Replays
Match Explorer
How It Works
Community
CoH3 Stats
Reddit
Sign in to upload your games and track your stats! →
Sign in with Steam
Match 44333511
Unlisted
Match 44333511
Overview
Messages
Build Orders
End
Construct Weapon Support Center
Selects Advanced Infantry Battlegroup
M1919 Machine Gun Team
Bazooka Squad
Engineer Squad
Construct Barracks
Selects Artillery Observers
Riflemen Squad
Grenade Package
Riflemen Squad
Selects Convert to Ranger Squad
Infantry Support Center
Construct Medical Station
M3 Armored Personnel Carrier
Selects Frontline Medical Station
M3 Armored Personnel Carrier
Convert to Ranger Squad
Riflemen Squad
Convert to Ranger Squad
Tigersmoky
Serial Chiller
Creed McCreedski Der Dritte
Schlägash
skibski__
开心的小明
DasBaUM
Schlitzerjoe
0
0
Comments
sign in to comment!
No comments posted yet!